Map: Dusk Towers

Players

jabushka

  • Race: Zerg Zerg
  • League: Silver

Klaus - Winner!

  • Race: Protoss Protoss

VOD

Have the link to the VOD?

Description

Time

  • Played on: April 14, 2016, 1:38 a.m.
  • Length: 15:07
Show
View Real Time Build Order
Export as new Build Order

jabushka Zerg 

Build Orders: Pool First 

Get SALT Encoding   

  12  0:02  Drone  
  13  0:12  Overlord  
  13  0:17  Drone  
  14  0:31  Drone x2  
  16  0:38  Drone  
  17  0:47  Spawning Pool  
  17  0:49  Drone  
  17  0:53  Extractor  
  17  0:56  Drone  
  17  1:08  Drone  
  18  1:35  Drone  
  18  1:36  Drone  
  18  1:38  Hatchery  
  19  1:45  Overlord  
  19  1:49  Queen  
  19  1:54  Drone  
  22  2:10  Zergling x2  
  22  2:15  Overlord  
  23  2:25  Zergling x2  
  24  2:39  Zergling x2  
  25  2:50  Roach Warren  
  24  2:52  Drone  
  24  2:56  Lair  
  25  2:59  Drone  
  25  3:00  Drone  
  25  3:01  Drone x2  
  29  3:10  Drone, Extractor  
  29  3:12  Drone x3  
  31  3:13  Queen  
  33  3:29  Roach  
  35  3:37  Overlord  
  35  3:40  Drone  
  35  3:41  Drone  
  37  3:47  Drone  
  37  3:48  Extractor  
  37  3:51  Roach  
  39  3:58  Roach  
  41  4:04  Drone  
  42  4:20  Hatchery  
  41  4:30  Hydralisk Den  
  41  4:31  Roach x5  
  42  4:32  Drone  
  42  4:33  Drone  
  42  4:37  Overlord  
  52  4:44  Glial Reconstitution  
  51  4:59  Spore Crawler  
  50  5:01  Queen  
  50  5:02  Queen  
  50  5:06  Hydralisk  
  56  5:07  Hydralisk  
  58  5:18  Hydralisk  
  60  5:21  Overlord  
  60  5:22  Overlord  
  60  5:30  Muscular Augments  
  60  5:33  Drone  
  61  5:38  Drone  
  61  5:40  Drone x2  
  61  5:41  Drone  
  65  5:43  Drone  
  65  5:47  Drone  
  65  5:48  Drone  
  68  5:50  Drone  
  69  5:57  Drone  
  69  5:58  Drone  
  69  6:01  Drone  
  69  6:02  Overlord  
  72  6:04  Hydralisk  
  72  6:09  Overseer  
  74  6:12  Drone x2  
  76  6:22  Hydralisk  
  78  6:26  Drone x2  
  78  6:27  Queen  
  78  6:31  Drone x4  
  86  6:37  Extractor  
  85  6:42  Spore Crawler  
  85  6:43  Overlord  
  85  6:45  Overlord  
  85  6:46  Overlord  
  84  6:59  Drone  
  84  7:00  Drone  
  86  7:01  Hydralisk x2  
  86  7:02  Hydralisk x3  
  86  7:04  Hydralisk  
  98  7:15  Evolution Chamber  
  98  7:18  Drone x2  
  98  7:19  Drone  
  100  7:28  Overlord  
  100  7:30  Overlord  
  100  7:43  Drone  
  101  7:48  Roach x3  
  107  7:55  Overlord  
  107  7:56  Roach x2  
  107  7:57  Hatchery  
  110  7:58  Hydralisk x2  
  110  7:59  Hydralisk  
  116  8:08  Spire  
  116  8:09  Drone x3  
  117  8:18  Roach x2  
  117  8:19  Roach x2  
  125  8:30  Hydralisk x2  
  125  8:32  Overlord x2  
  129  8:39  Extractor  
  128  8:56  Overlord x2  
  128  8:58  Overlord  
  128  9:00  Roach x2  
  128  9:01  Roach  
  134  9:10  Queen  
  134  9:12  Roach  
  134  9:16  Roach x4  
  146  9:18  Zerg Missile Weapons Level 1  
  146  9:24  Evolution Chamber  
  145  9:28  Lurker Den  
  145  9:32  Hydralisk x3  
  145  9:35  Roach x3  
  157  9:40  Roach  
  157  9:41  Roach x5  
  170  9:52  Drone  
  170  9:53  Drone x2  
  172  10:00  Corruptor x2  
  172  10:04  Overlord  
  172  10:05  Overlord  
  172  10:06  Overlord x2  
  176  10:07  Overlord  
  176  10:16  Evolution Chamber, Zerg Melee Weapons Level 1  
  175  10:44  Roach x6  
  175  10:48  Hatchery  
  186  10:51  Zerg Ground Armor Level 1  
  186  11:03  Lurker  
  187  11:06  Lurker  
  187  11:09  Roach x2  
  192  11:11  Corruptor  
  192  11:12  Corruptor x2  
  192  11:16  Corruptor  
  178  12:08  Roach  
  178  12:09  Roach  
  178  12:12  Roach x3  
  178  12:13  Roach x3  
  178  12:14  Roach  
  196  12:16  Roach x2  
  156  12:50  Roach x3  
  136  12:51  Roach x3  
  136  13:04  Roach  
  108  13:05  Roach  
  108  13:07  Roach x3  
  100  13:23  Roach x3  
  96  13:32  Roach x3  
  96  13:33  Roach x3  
  102  13:40  Roach x3  
  95  13:50  Roach x2  
  95  13:51  Roach  
  95  13:52  Roach x2  
  105  14:00  Roach x3  
  93  14:11  Roach  
  93  14:14  Roach  
  97  14:24  Roach x3  
  99  14:28  Roach x2  
  99  14:29  Roach  
  99  14:30  Roach x2  
  99  14:31  Roach x2  
Show
View Real Time Build Order
Export as new Build Order

Klaus Protoss - Winner!

Build Orders:  

Get SALT Encoding   

  12  0:02  Probe (Chrono Boost)  
  13  0:12  Probe (Chrono Boost)  
  14  0:23  Pylon  
  14  0:25  Probe (Chrono Boost)  
  15  0:42  Probe (Chrono Boost)  
  16  0:49  Gateway  
  16  0:52  Probe (Chrono Boost)  
  16  0:56  Assimilator  
  17  1:03  Probe (Chrono Boost)  
  18  1:17  Probe (Chrono Boost)  
  19  1:28  Probe (Chrono Boost)  
  20  1:38  Probe (Chrono Boost)  
  21  1:43  Cybernetics Core  
  21  1:45  Zealot (Chrono Boost)  
  23  1:55  Pylon  
  23  2:05  Nexus  
  23  2:13  Probe (Chrono Boost)  
  24  2:21  Assimilator  
  24  2:23  Probe (Chrono Boost)  
  24  2:24  Warp Gate (Chrono Boost)  
  25  2:33  Zealot  
  25  2:36  Mothership Core  
  29  2:57  Probe  
  30  3:11  Robotics Facility  
  30  3:13  Probe  
  30  3:15  Probe  
  32  3:25  Probe  
  33  3:29  Pylon  
  33  3:38  Forge  
  33  3:48  Twilight Council  
  33  3:52  Probe  
  33  3:53  Probe  
  35  4:02  Probe  
  35  4:04  Observer (Chrono Boost)  
  37  4:11  Protoss Ground Weapons Level 1 (Chrono Boost)  
  37  4:21  Observer  
  38  4:33  Probe x2  
  38  4:36  Charge  
  40  5:01  Probe x2 (Chrono Boost)  
  42  5:20  Gateway  
  42  5:21  Gateway  
  42  5:24  Gateway  
  42  5:27  Gateway x2  
  43  5:28  Probe (Chrono Boost)  
  43  5:30  Probe (Chrono Boost)  
  43  5:33  Assimilator  
  44  5:38  Assimilator  
  44  5:39  Probe (Chrono Boost)  
  44  5:42  Probe (Chrono Boost), Pylon  
  46  5:45  Pylon  
  46  5:47  Pylon  
  46  5:56  Protoss Ground Armor Level 1  
  46  5:59  Probe (Chrono Boost)  
  46  6:01  Probe (Chrono Boost)  
  47  6:20  Robotics Bay  
  47  6:30  Pylon  
  47  6:34  Pylon  
  47  6:40  Pylon  
  47  6:43  Photon Cannon  
  47  6:50  Probe (Chrono Boost)  
  47  6:51  Probe (Chrono Boost)  
  49  6:59  Photon Cannon  
  49  7:03  Photon Cannon  
  49  7:04  Zealot x6  
  49  7:08  Photon Cannon  
  61  7:14  Disruptor  
  65  7:31  Probe (Chrono Boost)  
  65  7:32  Probe (Chrono Boost)  
  66  7:38  Zealot  
  66  7:39  Zealot x5  
  66  7:42  Colossus  
  66  7:43  Probe (Chrono Boost)  
  79  7:50  Protoss Ground Weapons Level 2  
  85  7:57  Robotics Facility  
  85  8:12  Nexus  
  85  8:16  Stalker x2, Pylon  
  85  8:19  Pylon  
  89  8:22  Pylon  
  89  8:27  Sentry  
  89  8:28  Sentry x3  
  97  8:48  Disruptor  
  97  8:53  Disruptor  
  103  9:00  Probe (Chrono Boost)  
  103  9:01  Probe (Chrono Boost)  
  105  9:12  Stalker x4  
  105  9:13  Stalker x2  
  117  9:32  Gateway  
  117  9:33  Gateway  
  117  9:41  Gateway x2  
  117  9:48  Gateway  
  117  9:49  Gateway  
  117  9:55  Photon Cannon  
  117  10:00  Photon Cannon x2  
  117  10:04  Probe (Chrono Boost), Assimilator  
  117  10:05  Probe (Chrono Boost)  
  119  10:09  Stalker x2, Assimilator  
  119  10:10  Stalker  
  119  10:12  Pylon  
  125  10:15  Protoss Ground Weapons Level 3 (Chrono Boost)  
  125  10:23  Disruptor x2  
  130  10:49  Probe x3  
  133  10:54  Warp Prism  
  133  11:01  Probe  
  133  11:03  Sentry x3  
  133  11:04  Sentry x2  
  146  11:07  Zealot  
  148  11:22  Pylon  
  148  11:24  Pylon  
  148  11:26  Pylon  
  148  11:29  Pylon  
  148  11:36  Pylon  
  148  11:41  Photon Cannon  
  148  11:46  Photon Cannon  
  140  12:22  Zealot x6  
  150  12:23  Zealot x2  
  150  12:50  Zealot  
  150  12:51  Zealot x6  
  118  13:16  Zealot x6  
  95  13:37  Stalker x3  
  95  13:38  Stalker x4  
  107  14:10  Sentry  
  107  14:11  Sentry x3  
  107  14:12  Zealot x3  
  107  14:13  Zealot x5  
  129  14:18  Disruptor x2  
  135  14:33  Stalker x6  
  135  14:34  Stalker x2  
Tags
 
Add a new tag
Caveats
  • Supply blocks, unpowered buildings, or Contaminate may cause inaccurate times.
  • Supply counts are checked every 10 seconds.